 Dungeon Crawl Stone Soup version 0.30-a0-341-g682706514a (webtiles) character file.

Game seed: 263840547695746651

212 IdlyInterested the Magician (level 5, -3/38 HPs)
             Began as a Demonspawn Wanderer on Nov 4, 2022.
             Slain by Grinder (4 damage)
             ... on level 3 of the Dungeon.
             The game lasted 00:12:03 (3117 turns).

IdlyInterested the Magician (Demonspawn Wanderer)   Turns: 3117, Time: 00:12:04

Health: -3/38      AC:  4    Str: 11      XL:     5   Next: 58%
Magic:  8/12       EV: 11    Int: 17 (18) God:
Gold:   39         SH:  0    Dex:  9 (11) Spells: 10/14 levels left

rFire   . . .      SeeInvis .    a - +3 dagger
rCold   . . .      Faith    .    (no shield)
rNeg    + . .      Spirit   .    r - +2 robe {rN+}
rPois   .          Reflect  .    (no helmet)
rElec   .          Harm     .    (no cloak)
rCorr   .          Rampage  .    (no gloves)
Will    .....                    (no boots)
Stlth   +.........               (no amulet)
HPRegen 0.26/turn                (no ring)
MPRegen 0.13/turn                (no ring)

@: invisible
A: foul stench 1, demonic touch 1
a: no special abilities


You were on level 3 of the Dungeon.
You visited 1 branch of the dungeon, and saw 3 of its levels.

You collected 147 gold pieces.
You spent 108 gold pieces at shops.

Inventory:

Hand Weapons
 a - a +3 dagger (weapon)
 p - a +1 spear
Missiles
 b - 13 poisoned darts
 j - 7 boomerangs
Armour
 r - a +2 robe of positive energy (worn)
Scrolls
 c - 2 scrolls of fear
Potions
 f - a potion of flight
 i - a potion of attraction
 k - a potion of haste {unknown}
 s - 2 potions of mutation {unknown}
 t - a potion of lignification


   Skills:
 * Level 2.0 Fighting
 - Level 1.7 Throwing
 + Level 1.4 Dodging
 - Level 5.0 Spellcasting
 * Level 4.6 Ice Magic
 - Level 1.2 Invocations


You had 10 spell levels left.
You knew the following spells:

 Your Spells              Type           Power      Damage    Failure   Level
a - Freeze                Ice            76%        1d8       2%          1
b - Ozocubu's Armour      Ice            19%        N/A       6%          3

Your spell library contained the following spells:

 Spells                   Type           Power      Damage    Failure   Level
 Magic Dart               Conj           16%        1d3       14%         1
 Blink                    Tloc           8%         N/A       22%         2
 Momentum Strike          Conj/Tloc      8%         3d8       22%         2
 Searing Ray              Conj           8%         2d4       22%         2
 Lesser Beckoning         Tloc           8%         N/A       38%         3
 Ice Form                 Ice/Tmut       12%        N/A       50%         4
 Fulminant Prism          Conj/Hex       2%         3d5       80%         4
 Metabolic Englaciation   Hex/Ice        6%         N/A       83%         5
 Simulacrum               Ice/Necr       6%         N/A       100%        6


Dungeon Overview and Level Annotations

Branches:
Dungeon (3/15)

Altars:
Dithmenos

Annotations:
D:3 Grinder


Innate Abilities, Weirdness & Mutations

You may rarely emit foul miasma when damaged in melee.
Your touch may inflict minor irresistible damage on your foes.


Message History

Grinder blinks!
Grinder completely misses you.
You can move again.
You hit Grinder.
You touch Grinder!
Grinder is severely wounded.
Grinder gestures at you. You resist with significant effort.
You strike the helpless Grinder from behind!
You hit Grinder but do no damage.
Grinder is severely wounded.
Grinder gestures at you.
You barely resist. You closely miss Grinder.
Grinder is severely wounded.
Grinder gestures at you. Pain shoots through your body!
* * * LOW HITPOINT WARNING * * *
You catch the helpless Grinder completely off-guard!
You hit Grinder.
Grinder is almost dead.
Grinder closely misses you.
You closely miss Grinder. Your touch misses Grinder.
Grinder is almost dead.
Grinder hits you.
* * * LOW HITPOINT WARNING * * *
You writhe in agony.
* * * LOW HITPOINT WARNING * * *
Unknown command.
You hit Grinder. Your punch misses Grinder.
Grinder is almost dead.
Grinder gestures at you. You resist with significant effort.
You closely miss Grinder.
Grinder is almost dead.
Grinder hits you.
* * * LOW HITPOINT WARNING * * *
You barely miss Grinder.
Grinder is almost dead.
Grinder hits you.
You die...

.. ..# #.###.# ##+##
#..##.# ##...##
#.###.##!# ##.....##
...(....# ##.......##
#.###....###.........#
#...(....))'.........+
#####...####.........#
#@.## ##..†....##
#5..# ##.....## #...#
##...## #...# ##'##
#.### #.# #. #.# #.
########.##### #.
#............#
#.####........


You could see Grinder (unable to see you).

Vanquished Creatures
  Jessica (D:2)
  Natasha (thrice) (D:2)
  An orc wizard (D:3)
  3 adders
  A gnoll (D:3)
  2 dart slugs
  4 orcs (D:3)
  4 ball pythons
  4 endoplasms
  A giant cockroach (D:3)
  A goblin (D:3)
  5 hobgoblins
  4 jackals (D:1)
  3 quokkas (D:1)
  4 bats
  3 frilled lizards
  A kobold (D:1)
  2 rats
47 creatures vanquished.

Notes
Turn   | Place    | Note
-------+----------+-------------------------------------------
     0 | D:1      | IdlyInterested the Demonspawn Wanderer began the quest for
                  | the Orb.
     0 | D:1      | IdlyInterested set off with the following items: a +0
                  | dagger, 10 poisoned darts, a scroll of fear, a +0 robe; and
                  | the following spell memorised: Freeze; and the following
                  | spells available to memorise: Ozocubu's Armour, Ice Form.
     0 | D:1      | Reached XP level 1. HP: 13/13 MP: 6/6
    97 | D:1      | Found Viucus's Assorted Antiques.
   303 | D:1      | Gained mutation: Your touch may inflict minor irresistible
                  | damage on your foes. [demonic ancestry]
   303 | D:1      | Reached XP level 2. HP: 14/19 MP: 2/8
   917 | D:1      | Bought a scroll labelled XOMIOTWERIL for 19 gold pieces
  1074 | D:2      | Found a shadowy altar of Dithmenos.
  1078 | D:2      | Gained mutation: You may rarely emit foul miasma when
                  | damaged in melee. [demonic ancestry]
  1078 | D:2      | Reached XP level 3. HP: 25/25 MP: 9/9
  1252 | D:2      | Noticed Jessica
  1261 | D:2      | Killed Jessica
  1262 | D:2      | Reached skill level 1 in Fighting
  1443 | D:1      | Bought a scroll labelled QEMUS SYEKKO for 19 gold pieces
  1443 | D:1      | Bought a scroll labelled QEMUS SYEKKO for 19 gold pieces
  1443 | D:1      | Bought a smoky green potion for 17 gold pieces
  1443 | D:1      | Bought a fuming inky potion for 17 gold pieces
  1443 | D:1      | Bought a fizzy brown potion for 17 gold pieces
  2093 | D:2      | Noticed Natasha
  2097 | D:2      | Killed Natasha
  2098 | D:2      | Reached skill level 1 in Dodging
  2098 | D:2      | Reached XP level 4. HP: 32/32 MP: 8/11
  2281 | D:2      | Noticed Natasha
  2288 | D:2      | Killed Natasha
  2445 | D:2      | Noticed Natasha
  2452 | D:2      | Killed Natasha
  2453 | D:2      | Reached XP level 5. HP: 34/38 MP: 6/12
  3042 | D:3      | Learned a level 3 spell: Ozocubu's Armour
  3060 | D:3      | Noticed Grinder
  3084 | D:3      | Paralysed by Grinder for 3 turns
  3092 | D:3      | Paralysed by Grinder for 2 turns
  3105 | D:3      | Paralysed by Grinder for 5 turns
  3116 | D:3      | HP: 1/38 [Grinder (4)]
  3117 | D:3      | Slain by Grinder

Illustrated notes

Levels and vault maps discovered:
D:1:      minmay_arrival_nine_rooms, layout_basic, serial_shops,
          nicolae_lakefront_shop
D:2:      mumra_celtic_spiral_tile, layout_loops_ring, basic_altar,
          kennysheep_nondescript, uniq_natasha, uniq_jessica
D:3:      minmay_angry_zag, layout_loops_corners, uniq_grinder

Skill      XL: |  1  2  3  4  5 |
---------------+----------------+-----
Ice Magic      | 2 3 4 |  4.6
Fighting       | 1 2 |  2.0
Dodging        | 1 |  1.4
Throwing       | |  1.7
Spellcasting   | |  5.0
Invocations    | |  1.2

Action                   |  1- 3 |  4- 6 || total
-------------------------+-------+-------++-------
Melee: Dagger            |    11 |    18 ||    29
       Unarmed           |    18 |    30 ||    48
       Touch             |     7 |     8 ||    15
Throw: Dart              |     1 |       ||     1
       Javelin           |       |     3 ||     3
 Cast: Freeze            |    30 |    34 ||    64
  Use: Scroll            |       |     8 ||     8
       Potion            |       |     4 ||     4
 Stab: Sleeping          |     1 |       ||     1
       Invisible         |       |     4 ||     4
Armor: Robe              |     8 |    12 ||    20
Dodge: Dodged            |    34 |    25 ||    59

Table legend: (Time is in decaauts)
 A = Elapsed time spent in this place.
 B = Non-inter-level travel time spent in this place.
 C = Inter-level travel time spent in this place.
 D = Time resting spent in this place.
 E = Time spent auto-exploring this place.
 F = Levels seen in this place.
 G = Mean time per level.
                   A        B        C        D        E       F      G
               +--------+--------+--------+--------+--------+-----+--------+
         Total |   3118 |   2499 |    619 |    219 |   1723 |   3 | 1039.3 |
       Dungeon |   3118 |   2499 |    619 |    219 |   1723 |   3 | 1039.3 |
               +--------+--------+--------+--------+--------+-----+--------+

Top non-repeatable levels by time:
     D:2: 1641 daAuts
     D:1: 1075 daAuts
     D:3: 401 daAuts
